 Dungeon Crawl Stone Soup version 0.31.0-11-ge490571c62 (webtiles) character file.

Game seed: 13599303097430885275

2363 olmar the Grappler (level 9, -3/60 (64) HPs)
             Began as a Merfolk Shapeshifter on Feb 7, 2024.
             Slain by a hornet (17 damage)
             ... on level 7 of the Dungeon.
             The game lasted 00:13:51 (8732 turns).

olmar the Grappler (Merfolk Shapeshifter)           Turns: 8732, Time: 00:13:52

HP:   -3/60 (64)    AC:  1    Str: 18    XL:     9   Next: 44%
MP:   6/9           EV: 19    Int: 15    God:
Gold: 153           SH:  0    Dex: 14    Spells: 2/8 levels left

rFire   . .          .
                       - Unarmed
rCold   . . .        (shield currently unavailable)
rNeg    . . .        a - melded +0 animal skin
rPois   .            h - +0 helmet
rElec   .            (no cloak)
rCorr   .            (no gloves)
SInv    .            (no boots)
Will    .....        (no amulet)
Stlth   +            n - +6 ring of intelligence
HPRegen 0.30/turn    p - ring of wizardry
MPRegen 0.11/turn

%: wizardry (x1)
@: lethally poisoned (-3 -> -5), flux-form, very slightly contaminated, slowed,
glowing, drained, very slow
A: glow, contaminating, (nimble swimmer 2), mertail
a: Begin Untransformation


You were on level 7 of the Dungeon.
You were something dangerously unstable.
You visited 1 branch of the dungeon, and saw 7 of its levels.

You collected 334 gold pieces.
You spent 181 gold pieces at shops.

Inventory:

Missiles
 f - 3 poisoned darts
 w - 4 throwing nets (quivered)
 x - 5 boomerangs
 z - 2 javelins
Armour
 a - a +0 animal skin (melded)
 h - a +0 helmet (worn)
Jewellery
 n - a +6 ring of intelligence (left hand)
 p - a ring of wizardry (right hand)
 y - a +6 ring of intelligence
Talismans
 c - a beast talisman
 d - a flux talisman (active)
Scrolls
 e - 5 scrolls of identify {unknown}
 g - a scroll of enchant weapon {unknown}
 i - a scroll of blinking {unknown}
 j - a scroll of noise
 m - a scroll of fog
 o - a scroll of enchant armour {unknown}
 q - 2 scrolls of poison
 r - a scroll of acquirement {unknown}
 u - a scroll of fear {unknown}
Potions
 b - a potion of lignification
 k - a potion of degeneration {unknown}
 l - a potion of ambrosia {unknown}
 s - a potion of mutation {unknown}
 t - 3 potions of haste
 v - a potion of berserk rage {unknown}


   Skills:
 + Level 3.3 Fighting
 - Level 0.2 Throwing
 + Level 7.3 Dodging
 - Level 1.3 Stealth
 + Level 10.9 Unarmed Combat
 + Level 7.0 Shapeshifting


You had 2 spell levels left.
You knew the following spells:

 Your Spells              Type           Power      Damage    Failure   Level
a - Blink                 Tloc           0%         N/A       16%         2
b - Lesser Beckoning      Tloc           0%         N/A       16%         2
c - Call Imp              Summ           0%         N/A       16%         2

Your spell library contained the following spells:

 Spells                   Type           Power      Damage    Failure   Level
 Magic Dart               Conj           0%         1d3       11%         1
 Momentum Strike          Conj/Tloc      0%         3d8       16%         2


Dungeon Overview and Level Annotations

Branches:
Dungeon (7/15)             Temple (0/1) D:5

Altars:
Elyvilon
Wu Jian
Yredelemnul

Shops:
D:1 !   D:3 (*(?!   D:4 (   D:5 *

Annotations:
D:3 Sigmund
D:5 2 transporters, Fodor's ghost, novice MiFi


Innate Abilities, Weirdness & Mutations

You are something dangerously unstable.
You glow with magical radiation, making you easy to see and hit.
Foes you strike become dangerously contaminated with magical radiation.
You are incapable of wielding weapons or throwing items.
((You are very nimble when in or above water. (Stealth+, EV+, Speed+++)))
Your lower body shifts to a powerful aquatic tail in water.


Message History

Casting: Call Imp (safe; 16% risk of failure)
Confirm with . or Enter, or press ? or * to list all spells.
Okay, then.
Casting: Call Imp (safe; 16% risk of failure)
Confirm with . or Enter, or press ? or * to list all spells.
A tiny devil pulls itself out of the air.
Unknown command.
Your cerulean imp barely misses the hornet.
You miss the hornet. The hornet stings you.
You are poisoned.
You feel yourself slow down.
You completely miss the hornet.
You feel yourself speed up.
You feel very sick.
Your cerulean imp hits the hornet but does no damage.
The hornet misses you.
Your cerulean imp hits the hornet with a -4 spear.
The hornet stings you!
You feel yourself slow down.
Unknown command.
You miss the hornet.
The hornet is lightly wounded.
You feel sick. The hornet barely misses you.
Your cerulean imp misses the hornet.
Unknown command.
You miss the hornet.
The hornet is lightly wounded.
You feel yourself speed up.
You feel sick. The hornet stings you!
You feel yourself slow down. The hornet stings you.
You feel as though you will be slow longer.
Your cerulean imp closely misses the hornet.
You are too injured to fight recklessly!
You hit the hornet.
The hornet begins to glow.
The hornet is lightly wounded.
You feel sick. The hornet stings you!
* * * LOW HITPOINT WARNING * * *
You feel as though you will be slow longer.
Your cerulean imp closely misses the hornet.
The hornet stings you!
You die...

..# #........
#.### #........
....# #.......##
#.#.# #)###.##..
..#.# #.# ##.##
#.#.# #<# ... #
..#.# #.# #.##.#
....#
#.######$5..#.##
#)###
#.......py......
))#
##............##
###
#.......#########
####.##.# ....#.#
#+##+#.# ..# ..#


You could see a hornet (contam, ally target) and a friendly cerulean imp
(summoned).

Vanquished Creatures
  Edmund (D:4)
  2 water moccasins (D:5)
  4 ice beasts
  2 ogres
  Blork the orc (D:5)
  A bullfrog (D:7)
  3 scorpions
  5 wights (D:7)
  A hound (D:5)
  6 orc priests
  3 gnoll boudas
  3 jellies
  Jessica (D:2)
  3 iguanas
  A sleepcap (D:5)
  3 orc wizards
  13 gnolls
  7 adders
  2 white imps
  2 ufetubi (D:7)
  3 dart slugs
  A ribbon worm (D:4)
  21 orcs
  8 endoplasms
  4 giant cockroaches
  2 goblins
  10 hobgoblins
  4 jackals (D:1)
  8 kobolds
  3 quokkas
  11 ball pythons
  6 bats
  3 frilled lizards
  4 rats
152 creatures vanquished.

Vanquished Creatures (collateral kills)
  An orc (D:6)
1 creature vanquished.

Vanquished Creatures (others)
  A quokka (D:4)
1 creature vanquished.

Grand Total: 154 creatures vanquished

Notes
Turn   | Place    | Note
-------+----------+-------------------------------------------
     0 | D:1      | olmar the Merfolk Shapeshifter began the quest for the Orb.
     0 | D:1      | Reached XP level 1. HP: 15/15 MP: 1/1
    95 | D:1      | Reached XP level 2. HP: 21/21 MP: 2/2
   370 | D:1      | Reached skill level 4 in Unarmed Combat
   432 | D:1      | Found Xieroah's Distillery.
   457 | D:1      | Reached XP level 3. HP: 26/26 MP: 3/3
  1142 | D:2      | Reached XP level 4. HP: 32/32 MP: 4/4
  1149 | D:2      | Noticed Jessica
  1161 | D:2      | Killed Jessica
  1630 | D:2      | Found a faded altar of an unknown god.
  1899 | D:3      | Found Gyjufi's Distillery.
  1907 | D:3      | Bought a potion of curing for 30 gold pieces
  1907 | D:3      | Bought a potion of lignification for 30 gold pieces
  1957 | D:3      | Found Miav's Magic Scroll Emporium.
  2068 | D:3      | Reached skill level 5 in Unarmed Combat
  2068 | D:3      | Reached skill level 5 in Shapeshifting
  2068 | D:3      | Reached XP level 5. HP: 23/37 MP: 5/5
  2212 | D:3      | Found Qinouna's Weapon Emporium.
  2233 | D:3      | Found Ytzitz's Antique Weapon Shoppe.
  2718 | D:3      | Found Inasi's General Store.
  2726 | D:3      | Bought a potion of heal wounds for 65 gold pieces
  2731 | D:3      | Learned a level 2 spell: Blink
  2828 | D:3      | Noticed an ogre
  2848 | D:3      | Killed an ogre
  2849 | D:3      | Reached skill level 1 in Stealth
  2849 | D:3      | Reached XP level 6. HP: 44/44 MP: 6/6
  3069 | D:3      | Noticed Sigmund
  3130 | D:4      | Reached skill level 6 in Unarmed Combat
  3173 | D:4      | Found a white marble altar of Elyvilon.
  3215 | D:4      | Found an ornate altar of the Wu Jian Council.
  3226 | D:4      | Noticed Edmund
  3630 | D:4      | Learned a level 2 spell: Lesser Beckoning
  3759 | D:5      | Entered Level 5 of the Dungeon
  3942 | D:5      | Found a transporter.
  3962 | D:5      | Noticed a yak
  3963 | D:5      | Noticed Fodor's ghost (novice MiFi)
  3964 | D:5      | Noticed an ice beast
  3965 | D:5      | Found a transporter.
  3987 | D:5      | Noticed an ice beast
  4150 | D:5      | Found Qyn Adi's Serpentskin Sales.
  4150 | D:5      | Noticed a water moccasin
  4150 | D:5      | Noticed a water moccasin
  4167 | D:5      | Killed a water moccasin
  4168 | D:5      | Reached XP level 7. HP: 33/50 MP: 3/7
  4173 | D:5      | Reached skill level 7 in Unarmed Combat
  4236 | D:5      | Bought a scroll of poison for 56 gold pieces
  4311 | D:5      | Found a staircase to the Ecumenical Temple.
  4489 | D:5      | Noticed Blork the orc
  4509 | D:5      | Killed Blork the orc
  4510 | D:5      | Reached skill level 5 in Dodging
  4941 | D:4      | Reached skill level 8 in Unarmed Combat
  4941 | D:4      | Reached XP level 8. HP: 30/57 MP: 8/8
  5063 | D:4      | Found Qouty's Firing Range.
  5349 | D:4      | Killed Edmund
  5780 | D:5      | Reached skill level 9 in Unarmed Combat
  6153 | D:6      | Learned a level 2 spell: Call Imp
  6618 | D:6      | Found a basalt altar of Yredelemnul.
  6972 | D:6      | Reached XP level 9. HP: 35/63 MP: 6/9
  6975 | D:6      | Reached skill level 10 in Unarmed Combat
  8724 | D:7      | Noticed a hornet
  8732 | D:7      | Slain by a hornet

Illustrated notes

Levels and vault maps discovered:
D:1:      lightli_arrival_lavapool, layout_loops_ring, serial_shops,
          nicolae_shop_industrial_runoff, minmay_misc_feat_x,
          minmay_tromino_v4_a
D:2:      layout_loops_ring, dreamdust_ecumenical_altar_grove,
          dk_noncrumbling_4, grunt_ministairs_6, uniq_jessica
D:3:      minmay_bubble_buster, layout_basic, serial_shops,
          nicolae_shop_bloodbath_and_beyond, shop_statue, shop, shop,
          nicolae_shop_hallway_plus, corexii_hall_statues_deadend, uniq_sigmund
D:4:      layout_basic, elyvilon_altar_4, amcnicky_altar_gilded,
          nicolae_shop_firing_range, uniq_edmund
D:5:      layout_basic, minmay_temple_entry_proselytizer, gammafunk_ghost_arena,
          guppyfry_shop_venom, uniq_blork_the_orc
D:6:      layout_gridville, general_overflow_altar, grunt_ministairs_15
D:7:      layout_basic, nicolae_hepliaklqana_monster_ancestors,
          nicolae_shop_overcharged_wands

Skill      XL: |  1  2  3  4  5  6  7  8  9 |
---------------+----------------------------+-----
Unarmed Combat | 4 5 6 8 9 10 | 10.9
Dodging        | 3 4 5 6 7 |  7.3
Shapeshifting  | 5 6 7 |  7.0
Stealth        | 1 |  1.3
Fighting       | 2 3 |  3.3
Throwing       | |  0.2

Action                     |  1- 3 |  4- 6 |  7- 9 || total
---------------------------+-------+-------+-------++-------
  Melee: Unarmed           |    84 |   151 |   264 ||   499
         Punch             |     1 |     3 |     9 ||    13
         Tailslap          |     1 |       |       ||     1
  Throw: Javelin           |       |       |     5 ||     5
   Cast: Blink             |       |     6 |     3 ||     9
         Lesser Beckoning  |       |     1 |       ||     1
         Call Imp          |       |       |     8 ||     8
    Use: Scroll            |       |     4 |     1 ||     5
         Potion            |       |     5 |     3 ||     8
   Stab: Sleeping          |       |     2 |       ||     2
 Armour: Animal skin       |    38 |    53 |    47 ||   138
         Skin              |       |    22 |    77 ||    99
  Dodge: Dodged            |    54 |    71 |   198 ||   323
   Form: Flux              |       |       |     1 ||     1
